AoeStats
← Huskarls4

Hill Fort

504032172Analyzed
4v4 RM · 2mo ago on Sep 3, 2026· 29m 39s· 8 players
Game mode
Random Map
Map size
Large (8 player)
Population
200
Speed
Normal
Resources
Standard
Victory
Conquest
Starting age
Dark Age
Ending age
Imperial Age
RankedLock teamsTeams togetherTeam positionsShared explorationLock speedFull tech treeHidden civsTurbo modeCheats
Victory
Defeat
🇬🇧 Shu · United Kingdom
1514
+14
🇪🇸 Britons · Spain
1493
+15
🇺🇦 Berbers · Ukraine
1394
+19
🇷🇺 Burgundians · Russia
1387
+20
vs
🇨🇳 Spanish · China
1530
-20
🇨🇳 Chinese · China
1483
-18
🇹🇼 Britons · Taiwan
1432
-15
1432
-15
SSS
0:29 Loom
10:32 Feudal Age
16:10 Castle Age
15:00 Double-Bit Axe
15:07 Horse Collar
18:07 Bow Saw
22:11 Wheelbarrow
22:33 Heavy Plow
30:05 Imperial Age
28:43 Hand Cart
29:41 Bloodlines
29:31 Husbandry
29:37 Scale Barding Armor
y3imy3
5:15 Loom
5:22 Loom
8:25 Feudal Age
9:53 Double-Bit Axe
19:29 Fletching
Ren
11:26 Feudal Age
11:10 Loom
15:31 Castle Age
14:32 Double-Bit Axe
15:05 Horse Collar
16:20 Fletching
17:08 Bow Saw
19:40 Wheelbarrow
21:12 Padded Archer Armor
25:02 Husbandry
25:48 Heavy Plow
26:29 Bloodlines
26:59 Leather Archer Armor
28:37 Hand Cart
29:04 Bodkin Arrow
憂鬱的蛞蝓貓盪鞦韆
5:07 Loom
10:44 Feudal Age
14:34 Castle Age
26:25 Double-Bit Axe
26:35 Horse Collar
Huskarls4
9:02 Feudal Age
10:09 Double-Bit Axe
20:08 Castle Age
18:52 Gold Mining
19:15 Fletching
20:10 Crossbowman
20:52 Bodkin Arrow
24:13 Loom
26:37 Wheelbarrow
28:17 Padded Archer Armor
28:37 Bow Saw
Josu Stark
7:32 Loom
9:46 Feudal Age
10:24 Double-Bit Axe
11:38 Fletching
17:17 Padded Archer Armor
18:48 Town Watch
23:45 Wheelbarrow
24:26 Horse Collar
30:48 Castle Age
28:42 Gold Mining
jude
11:20 Feudal Age
14:11 Loom
16:48 Castle Age
15:16 Double-Bit Axe
17:51 Fletching
18:15 Bloodlines
18:06 Husbandry
22:01 Bodkin Arrow
23:55 Padded Archer Armor
24:20 Horse Collar
24:54 Bow Saw
26:09 Wheelbarrow
27:16 Leather Archer Armor
27:43 Ballistics
29:58 Kasbah
tima_1999
7:28 Loom
7:31 Double-Bit Axe
10:08 Feudal Age
13:32 Horse Collar
14:04 Bow Saw
13:45 Gold Mining
16:02 Wheelbarrow
19:39 Castle Age
18:46 Heavy Plow
18:53 Scale Barding Armor
23:01 Cavalier
24:02 Chain Barding Armor
23:52 Forging
24:56 Husbandry
26:52 Town Watch
28:48 Hand Cart
Connection lost

Rejoining the realm…

Still unreachable

The connection could not be restored.

Session expired

The server has moved on; the page needs a fresh start.